 Dungeon Crawl Stone Soup version 0.29.1-2-gbd0b4ee654 (webtiles) character file.

Game seed: 4995369489572017956

4183 SADBETRAYER the Fighter (level 10, -6/91 (92) HPs)
             Began as a Minotaur Berserker on Dec 1, 2022.
             Was an Elder of Trog.
             Mangled by Psyche
             ... wielding a +0 dagger of chaos
              (20 damage)
             ... on level 8 of the Dungeon.
             The game lasted 00:06:32 (8630 turns).

SADBETRAYER the Fighter (Minotaur Berserker)        Turns: 8630, Time: 00:06:33

HP:   -6/91 (92)    AC:  0    Str: 25    XL:     10   Next: 8%
MP:   9/9           EV: 16    Int:  4    God:    Trog [****..]
Gold: 234           SH:  0    Dex: 11    Spells: 9/9 levels left

rFire   . . .      SeeInvis .   (weapon currently unavailable)
rCold   . . .      Faith    .   (shield currently unavailable)
rNeg    . . .      Spirit   .   (body armour currently unavailable)
rPois   .          Reflect  .   (helmet currently unavailable)
rElec   .          Harm     .   (cloak currently unavailable)
rCorr   .          Rampage  .   (gloves currently unavailable)
Will    .....                   (boots currently unavailable)
Stlth   +.........              (no amulet)
HPRegen 0.25/turn               (ring currently unavailable)
MPRegen 0.11/turn               (ring currently unavailable)

@: pig-form, lightly drained, very quick
A: fast, no casting, small, (horns 2), (retaliatory headbutt)
a: Renounce Religion, Berserk, Trog's Hand, Brothers in Arms


You were on level 8 of the Dungeon.
You worshipped Trog.
Trog was greatly pleased with you.
You were a filthy swine.
You visited 1 branch of the dungeon, and saw 8 of its levels.
You also visited: Sewer.

You collected 234 gold pieces.

Inventory:

Hand Weapons
 r - a +0 war axe (melded)
Armour
 j - a +0 pair of boots (melded)
 t - a +2 cloak (melded)
 y - a +0 plate armour (melded)
Jewellery
 n - a +6 ring of intelligence (melded)
Wands
 d - a wand of flame (22)
 o - a wand of charming (11)
 F - a wand of polymorph (6)
Scrolls
 c - 2 scrolls of immolation {unknown}
 e - 3 scrolls of noise
 g - 2 scrolls of enchant armour
 h - a scroll of fog
 m - 3 scrolls of teleportation
 p - a scroll of vulnerability
 v - a scroll of magic mapping
 w - 2 scrolls of fear {unknown}
 D - a scroll of brand weapon {unknown}
Potions
 a - a potion of resistance {unknown}
 b - 4 potions of degeneration {unknown}
 f - a potion of cancellation
 i - a potion of lignification {unknown}
 k - 2 potions of attraction {unknown}
 l - 2 potions of haste {unknown}
 q - a potion of magic {unknown}
 s - 3 potions of heal wounds {unknown}
 u - 2 potions of mutation {unknown}
 x - 2 potions of ambrosia {unknown}
 z - a potion of flight {unknown}
 A - a potion of invisibility {unknown}
 B - 2 potions of curing {unknown}
 C - a potion of might {unknown}
 E - a potion of brilliance {unknown}


   Skills:
 * Level 9.7 Fighting
 * Level 9.6 Axes
 * Level 9.2 Armour
 + Level 6.1 Dodging
 + Level 3.7 Evocations


You had 9 spell levels left.
You didn't know any spells.
Your spell library was empty.

Dungeon Overview and Level Annotations

Branches:
Dungeon (8/15)             Temple (0/1) D:5           Sewer (visited)
   Lair: D:8-11

Altars:
Hepliaklqana
Kikubaaqudgha
Trog
Uskayaw
Yredelemnul

Annotations:
D:8 2 transporters, Psyche; lambentLogic's ghost, journeyman KoEn


Innate Abilities, Weirdness & Mutations

You are a filthy swine.
You move quickly.
Your equipment is almost entirely melded.
You are incapable of wielding weapons or throwing items.
You cannot cast spells.
((You have a pair of horns on your head.))
((You reflexively headbutt those who attack you in melee.))


Message History

You kill the steam dragon!
Trog accepts your kill.
You slash something!
You are engulfed in a cloud of scalding steam.
Something hits you. x2; Something freezes you.
You're standing in a cloud of steam!
You closely miss the gnoll. You closely miss something.
You are engulfed in a cloud of scalding steam.
The gnoll hits you but does no damage.
You hear some strange, mumbled words.
You hit the gnoll. You headbutt the gnoll!
You kill the gnoll!
Trog accepts your kill.
You hit something but do no damage.
You are engulfed in a cloud of scalding steam.
Something hits you. Something freezes you.
Something hits you but does no damage.
You feel drained. Something hits you but does no damage.
No target in view!
Something hits you.
You are electrocuted!!
You are too injured to fight recklessly!
Something hits you but does no damage.
You are too injured to fight recklessly!
Unknown command.
You are too injured to fight recklessly!
You hear some strange, mumbled words.
You turn into a filthy swine.
Your +0 war axe melds into your body.
Your +2 cloak melds into your body.
Your +0 pair of boots melds into your body.
Your +0 plate armour melds into your body.
Your +6 ring of intelligence melds into your body.
You feel stupid. Something hits you!
* * * LOW HITPOINT WARNING * * *
There is a strange disturbance nearby!
You are too injured to fight recklessly!
You miss something. Something hits you!
* * * LOW HITPOINT WARNING * * *
You are electrocuted!!
You die...

### ## ### #. .. .#
#.#. #? ...# $# #.#?#
#. ...# #)#{#.# ##
#h..# ##. #)#.#
#†##########)## #
##..)......##.## #
#'#########'##'## #
#.##..## ##..##.# ##
##.##...###)).##.##
#.
#...##...#...##.#.#
##.
##...###.....###)#.##
#..


There were no monsters in sight!

Vanquished Creatures
  A two-headed ogre (D:8)
  Pikel (D:7)
  Grinder (D:6)
  A wyvern (D:7)
  A steam dragon (D:8)
  An ice beast (D:8)
  2 orc warriors (D:8)
  2 black bears
  3 centaurs
  A phantom (D:5)
  2 lemures (D:7)
  4 kobold brigands
  2 bullfrogs
  2 gnoll sergeants (D:8)
  2 scorpions (D:4)
  4 necrophages
  5 killer bees (D:8)
  A howler monkey (D:5)
  2 jellies
  3 hounds
  2 orc priests
  Crazy Yiuf (D:5)
  2 gnoll boudas (D:8)
  5 iguanas
  3 orc wizards
  A hell rat (Sewer)
  A gnoll (D:8)
  6 adders
  4 river rats
  A shadow imp (D:6)
  3 white imps (D:5)
  An ufetubus (D:6)
  A worm (D:4)
  2 dart slugs
  27 orcs
  3 ball pythons
  6 endoplasms
  3 giant cockroaches
  5 hobgoblins
  17 kobolds
  A quokka (D:4)
  3 bats
  A frilled lizard (D:1)
  4 goblins
  7 rats
151 creatures vanquished.

Notes
Turn   | Place    | Note
-------+----------+-------------------------------------------
     0 | D:1      | SADBETRAYER the Minotaur Berserker began the quest for the
                  | Orb.
     0 | D:1      | Reached XP level 1. HP: 19/19 MP: 0/0
   406 | D:1      | Reached XP level 2. HP: 26/27 MP: 1/1
   913 | D:2      | Reached XP level 3. HP: 33/33 MP: 2/2
  1433 | D:3      | Reached ** piety under Trog
  1636 | D:3      | Found a faded altar of an unknown god.
  1720 | D:3      | Noticed a kobold brigand
  1729 | D:3      | Killed a kobold brigand
  1730 | D:3      | Reached XP level 4. HP: 32/41 MP: 3/3
  2150 | D:3      | Reached XP level 5. HP: 46/47 MP: 4/4
  2547 | D:4      | Reached skill level 5 in Fighting
  2599 | D:4      | Reached skill level 5 in Axes
  3044 | D:4      | Noticed a black bear
  3058 | D:4      | Killed a black bear
  3059 | D:4      | Reached XP level 6. HP: 14/56 MP: 5/5
  3491 | D:4      | Reached skill level 5 in Armour
  4509 | D:5      | Entered Level 5 of the Dungeon
  4568 | D:5      | Found a glowing drain.
  4574 | D:5      | Reached *** piety under Trog
  4811 | Sewer    | Entered a sewer
  4838 | Sewer    | Reached XP level 7. HP: 61/63 MP: 6/6
  5141 | D:5      | Reached skill level 1 in Evocations
  5270 | D:5      | Found a runed translucent door.
  5271 | D:5      | Noticed Crazy Yiuf
  5517 | D:5      | Found a staircase to the Ecumenical Temple.
  5604 | D:5      | Found a basalt altar of Yredelemnul.
  5605 | D:5      | Found an ancient bone altar of Kikubaaqudgha.
  5605 | D:5      | Found a hide-covered altar of Uskayaw.
  5605 | D:5      | Found a hazy altar of Hepliaklqana.
  5869 | D:5      | Killed Crazy Yiuf
  5870 | D:5      | Reached XP level 8. HP: 71/71 MP: 7/7
  6759 | D:6      | Noticed Grinder
  6771 | D:6      | Paralysed by Grinder for 5 turns
  6781 | D:6      | Killed Grinder
  6782 | D:6      | Reached skill level 5 in Dodging
  6938 | D:6      | Reached **** piety under Trog
  7323 | D:7      | Reached XP level 9. HP: 81/81 MP: 8/8
  7476 | D:7      | Noticed Pikel
  7486 | D:7      | Killed Pikel
  7662 | D:7      | You fall into a shaft and drop 1 floor!
  7736 | D:8      | Found a transporter.
  7757 | D:8      | Found a bloodstained altar of Trog.
  7766 | D:8      | Noticed lambentLogic's ghost (journeyman KoEn)
  7769 | D:8      | Noticed a moth of wrath
  7792 | D:8      | Found a transporter.
  7963 | D:8      | Noticed a two-headed ogre
  7972 | D:8      | Killed a two-headed ogre
  8328 | D:8      | Reached XP level 10. HP: 29/91 MP: 9/9
  8619 | D:8      | Noticed Psyche
  8630 | D:8      | Mangled by Psyche

Illustrated notes

Levels and vault maps discovered:
D:1:      minmay_arrival_three_doors, layout_loops_cross
D:2:      layout_loops_ring
D:3:      cheibrodos_thug_alley, layout_basic, shapermc_ecumenical_altar_gd,
          chequers_serial_rivers_micro_c
D:4:      layout_cave_pods, serial_park_tiny_pond, minmay_fountain_box
D:5:      layout_basic, chequers_temple_overflow_statue_of_worship,
          portal_sewer_entry_a, minmay_misc_feat_pillars,
          hangedman_decor_lopped, uniq_crazy_yiuf_cottage
D:6:      minmay_diamond_boxcup, layout_basic, uniq_grinder
D:7:      layout_basic, serial_aquarium, aquarium_bridge_straight
          [aquarium_subvault_bridge, aquarium_subvault_wall,
          aquarium_subvault_bridge, aquarium_subvault_window],
          aquarium_bridge_square [aquarium_subvault_bridge,
          aquarium_subvault_wall, aquarium_subvault_window,
          aquarium_subvault_window], aquarium_window_3, aquarium_window_1,
          aquarium_window_fake, aquarium_window_fake, aquarium_view_2c,
          reono_crystal_passage, uniq_pikel
D:8:      minmay_the_grid_triangle_9x9_rhombus_full
          [minmay_the_grid_triangle_9x9_impossible_snake,
          minmay_the_grid_triangle_9x9_sparse_checkered,
          minmay_the_grid_triangle_9x9_limited_checkers,
          minmay_the_grid_triangle_9x9_sprig,
          minmay_the_grid_triangle_9x9_windchime,
          minmay_the_grid_triangle_9x9_fully_insulated_deathbox,
          minmay_the_grid_triangle_9x9_alien,
          minmay_the_grid_triangle_9x9_prize_schism], layout_rooms,
          gammafunk_ghost_wrathful_warriors, serial_shops, nicolae_square_shop,
          uniq_gastronok, uniq_psyche

Skill      XL: |  1  2  3  4  5  6  7  8  9 |
---------------+----------------------------+-----
Fighting       | 4 5 6 8 9 |  9.7
Axes           | 4 5 6 8 9 |  9.6
Armour         | 3 4 5 6 7 9 |  9.2
Dodging        | 3 4 5 6 |  6.1
Evocations     | 1 2 3 |  3.7

Action                   |  1- 3 |  4- 6 |  7- 9 | 10-12 || total
-------------------------+-------+-------+-------+-------++-------
Melee: Hand axe          |    81 |    30 |       |       ||   111
       Headbutt          |     7 |    13 |    43 |     4 ||    67
       Punch             |     1 |       |     2 |       ||     3
       War axe           |       |    63 |   242 |    15 ||   320
       Unarmed           |       |       |       |     1 ||     1
Invok: Berserk           |     1 |     2 |     4 |       ||     7
Evoke: Wand              |       |       |     2 |       ||     2
  Use: Potion            |     1 |       |       |       ||     1
       Scroll            |       |     5 |     3 |       ||     8
Armor: Scale mail        |    41 |    50 |    41 |       ||   132
       Animal skin       |     1 |       |       |       ||     1
       Skin              |       |       |     4 |       ||     4
       Plate armour      |       |       |   130 |    12 ||   142
Dodge: Dodged            |    35 |    71 |   106 |    12 ||   224
